 Dungeon Crawl Stone Soup version 0.21-a0-104-g7b58145 (webtiles) character file.

30923 4thArraOfDagon the Brawler (level 13, -1/130 (131) HPs)
             Began as a Troll Wanderer on July 4, 2017.
             Was a High Priest of Wu Jian.
             Slain by an orc high priest
             ... wielding a +0 short sword
              (9 damage)
             ... on level 2 of the Orcish Mines on July 5, 2017.
             The game lasted 00:37:31 (7463 turns).

4thArraOfDagon the Brawler (Troll Wanderer)         Turns: 7463, Time: 00:37:31

HP:   -1/130 (131)  AC: 13    Str: 23      XL:     13   Next: 23%
MP:   12/12         EV: 13    Int: 14      God:    Wu Jian [*****.]
Gold: 1225          SH:  0    Dex: 10 (11) Spells: 12/12 levels left

rFire    + + .     SeeInvis .     - Unarmed
rCold    + . .     Gourm    +   (no shield)
rNeg     . . .     Faith    .   v - +2 robe "Amappota" {+Inv rF+ Dex+2}
rPois    .         Spirit   .   (helmet restricted)
rElec    .         Reflect  .   B - +1 cloak
rCorr    .         Harm     .   (gloves unavailable)
MR       +....     Rnd*Rage +   (boots unavailable)
Stlth    +.........             (no amulet)
HPRegen  0.71/turn              x - ring of protection from magic
MPRegen  0.13/turn              h - ring of ice

@: berserk cooldown, slowed, glowing, heavenly storm, very slow
A: unfitting armour, claws 3, slimy green scales 1, thin metallic scales 1,
berserk 2, deterioration 1, fire resistance 2, fast metabolism 3, gourmand,
sense surroundings 2, regeneration 1, shaggy fur 1, strong 1, tough skin 2
a: Serpent's Lash, Heavenly Storm, Renounce Religion, Evoke Invisibility


You were on level 2 of the Orcish Mines.
You worshipped Wu Jian.
Wu Jian was extremely pleased with you.
You were very full.

You visited 3 branches of the dungeon, and saw 18 of its levels.
You visited 1 bazaar.

You collected 1347 gold pieces.
You spent 122 gold pieces at shops.

Inventory:

Hand Weapons
 b - a +1 spear
 w - a +0 giant spiked club
 E - the +12 mace "Nolemuy" {flame, rC+ Int+4 Dex+2, unknown}
   (You found it on level 5 of the Dungeon)

   It has been specially enchanted to burn those struck by it, causing extra
   injury to most foes and up to half again as much damage against particularly
   susceptible opponents.
   It affects your intelligence (+4).
   It affects your dexterity (+2).
   It protects you from cold.
 R - the +8 trident of the Absolute Madman {freeze, rN+, unknown}
   (You found it on level 14 of the Dungeon)

   It has been specially enchanted to freeze those struck by it, causing extra
   injury to most foes and up to half again as much damage against particularly
   susceptible opponents.
   It can also slow down cold-blooded creatures.
   It protects you from negative energy.
Missiles
 s - 2 throwing nets (quivered)
 S - 7 large rocks
Armour
 a - a +2 robe
 c - a +0 shield
 v - the +2 robe "Amappota" (worn) {+Inv rF+ Dex+2}
   (You found it on level 4 of the Dungeon)

   It affects your dexterity (+2).
   It protects you from fire.
   It lets you turn invisible.
 A - the +2 robe of Precision Catastrophes {+Inv rF+ Int-3}
   (You bought it in a shop in a bazaar)

   It affects your intelligence (-3).
   It protects you from fire.
   It lets you turn invisible.
 B - a +1 cloak (worn)
 I - a +1 robe of positive energy
Magical Staves
 J - an uncursed staff of power {unknown}
 Q - an uncursed staff of conjuration {unknown}
Jewellery
 h - a ring of ice (right claw)
 u - an uncursed ring of loudness
 x - a ring of protection from magic (left claw)
 T - an uncursed ring of teleportation
Wands
 i - a wand of paralysis (6/24)
 j - a wand of iceblast (5/15)
 q - a wand of iceblast (6/15)
 r - a wand of polymorph (8/24)
 F - a wand of iceblast (12/15)
 L - a wand of polymorph (11/24)
 M - a wand of flame (27/48)
 N - a wand of polymorph (14/24)
Scrolls
 f - 2 scrolls of remove curse
 l - 2 scrolls of random uselessness
 y - a scroll of enchant armour
 D - a scroll of teleportation
 H - a scroll of amnesia
 P - a scroll of magic mapping
Potions
 e - 6 potions of curing {unknown}
 k - 3 potions of cancellation
 m - 2 potions of flight
 n - 9 potions of might
 o - 3 potions of heal wounds {unknown}
 p - 2 potions of resistance
 t - 10 potions of degeneration
 z - 2 potions of berserk rage {unknown}
 C - a potion of haste {unknown}
 G - 3 potions of brilliance {unknown}
 O - a potion of lignification
 U - a potion of mutation
Comestibles
 d - 3 bread rations
 g - 6 meat rations
 K - 12 royal jellies


   Skills:
 - Level 9.1 Fighting
 + Level 9.1 Dodging
 - Level 1.0 Stealth
 - Level 1.0 Shields
 * Level 16.9 Unarmed Combat


You had 12 spell levels left.
You didn't know any spells.

Dungeon Overview and Level Annotations

Branches:
Dungeon (15/15)            Temple (1/1) D:7            Lair (0/6) D:9
    Orc (2/2) D:12
    Elf: Orc:2       Vaults: D:13-14     Depths: D:15

Altars:
Ashenzari
Cheibriados
Dithmenos
Elyvilon
Fedhas
Gozag
Hepliaklqana
Makhleb
Nemelex Xobeh
Okawaru
Qazlal
Ru
Sif Muna
Uskayaw
Wu Jian
Yredelemnul
Zin
The Shining One

Shops:
D:12 *   Orc:2 }:(

Annotations:
D:4 sagitran's ghost, amateur TeAE
D:5 Prince Ribbit
Orc:1 4thArraOfDagon's ghost, journeyman TrWn


Innate Abilities, Weirdness & Mutations

You are too large for most types of armour.
You have claws for hands.
Your metabolism is lightning-fast.
You like to eat raw meat.
Your natural rate of healing is unusually fast.
You are covered in fur. (AC +1)
You have very tough skin. (AC +2)
You are partially covered in slimy green scales. (AC +2)
You are partially covered in thin metallic scales. (AC +2)
You often lose your temper in combat.
Your body sometimes deteriorates upon taking damage.
Your flesh is very heat resistant. (rF++)
You passively map the area around you.
Your muscles are strong. (Str +2)


Message History

You mangle the orc high priest!!
The orc high priest is heavily wounded.
You hear a howl! x2; You hear a shout!
The orc high priest completely misses you.
Unknown command.
Unknown command.
Unknown command.
You spin and attack the orc high priest repeatedly.
You mangle the orc high priest!!
You kill the orc high priest!
The Council accepts your kill.
You feel your dexterity returning.
You spin and attack the orc high priest repeatedly.
You scratch the orc high priest.
The orc high priest is lightly wounded.
You eviscerate the orc high priest!!!
The orc high priest is severely wounded.
You hear a howl!
The orc high priest hits you with a short sword!
You die...

,, , ..............##
*
#######............#
#..o.∩#............#
,#o....#§§#......#.##
,
,#o§ooo#§§§§.....###
*,#§oooo#§§§§......##
*,
#.###o###§§§§.#.....#
*
#ooooo§§o§§§§......##
*,
#ho##'###o@§§......#
, .o..,#oo.
#§§§#.....## * *###
#o.o,#§§§§.....# *
#...∩#......#.## * *
,######.......## , ,
, .............## ,
,, , .......##.....#
* * #########.....#
#.....#


You could see an orc high priest and an orc.

Vanquished Creatures
  The ghost of Armakuni the Grappler, a journeyman TrTm of Elyvilon (Orc:2)
  2 centaur warriors
  The ghost of grindst0ne the Transmogrifier, a journeyman MfTm of Kikubaaqudgha (D:10)
  2 death knights
  4 two-headed ogres
  3 orc high priests (Orc:2)
  Urug (D:13)
  A skeletal warrior (D:15)
  An unseen horror (D:12)
  An orc knight (Orc:2)
  2 orc sorcerers (Orc:1)
  7 ugly things
  2 manticores (D:13)
  A deep elf mage (D:13)
  2 cyclopes
  Joseph (D:9)
  A gargoyle (D:11)
  3 centaur skeletons
  5 freezing wraiths
  A komodo dragon (D:13)
  A troll (D:11)
  5 hippogriffs
  Sigmund (D:6)
  A shadow (D:14)
  A wyvern (D:12)
  8 yaks
  6 vampire mosquitoes
  8 wargs
  Duvessa (D:7)
  15 orc warriors
  3 sky beasts
  A hornet zombie (D:13)
  A black bear (D:6)
  4 ogres
  A swamp drake (D:12)
  2 necrophages
  An ice beast (D:13)
  2 phantoms
  An eye of draining (D:14)
  2 centaurs
  A crocodile (D:11)
  A big kobold (D:8)
  9 bullfrogs
  A gnoll sergeant (D:10)
  Blork the orc (D:5)
  Dowan (D:7)
  3 scorpions
  10 killer bees
  9 howler monkeys
  4 wights (D:12)
  A bullfrog zombie (D:5)
  8 crimson imps
  A quasit (D:11)
  3 jellies (D:8)
  10 hounds
  15 orc priests
  4 iguanas
  18 orc wizards
  7 worker ants
  A hound zombie (D:6)
  A worker ant zombie (D:10)
  7 gnolls
  A howler monkey skeleton (D:10)
  9 adders
  5 shadow imps
  7 oozes
  An adder skeleton (D:9)
  An adder zombie (D:5)
  4 worms
  2 leopard geckos
  77 orcs
  2 ball pythons
  6 bats
  6 giant cockroaches
  13 goblins
  4 hobgoblins
  4 jackals (D:2)
  12 kobolds
  3 quokkas
  A ball python zombie (D:5)
  4 frilled lizards
  A quokka zombie (D:6)
  A rat (D:1)
  A butterfly (D:5)
388 creatures vanquished.

Vanquished Creatures (others)
  A plant (D:9)
1 creature vanquished.

Grand Total: 389 creatures vanquished

Notes
Turn   | Place    | Note
-------+----------+-------------------------------------------
     0 | D:1      | 4thArraOfDagon the Troll Wanderer began the quest for the Orb.
     0 | D:1      | 4thArraOfDagon set off with: a +2 robe, a +0 spear, a potion of lignification, 2 bread rations
     0 | D:1      | Reached XP level 1. HP: 23/23 MP: 0/0
   107 | D:1      | Reached skill level 1 in Unarmed Combat
   160 | D:1      | Reached XP level 2. HP: 27/31 MP: 1/1
   202 | D:3      | Reached skill level 2 in Unarmed Combat
   296 | D:4      | Noticed sagitran's ghost (amateur TeAE)
   331 | D:5      | Entered Level 5 of the Dungeon
   337 | D:5      | Noticed Prince Ribbit
   340 | D:5      | Reached skill level 3 in Unarmed Combat
   340 | D:5      | Reached XP level 3. HP: 37/37 MP: 2/2
   389 | D:5      | Noticed a centaur
   410 | D:5      | Killed a centaur
   410 | D:5      | Reached skill level 4 in Unarmed Combat
   410 | D:5      | Reached XP level 4. HP: 23/45 MP: 3/3
   419 | D:5      | Reached XP level 5. HP: 30/53 MP: 4/4
   433 | D:5      | Gained mutation: You tend to lose your temper in combat. [potion of mutation]
   433 | D:5      | Gained mutation: Your muscles are strong. (Str +2) [potion of mutation]
   433 | D:5      | Gained mutation: You are partially covered in slimy green scales. (AC +2) [potion of mutation]
   446 | D:5      | Reached skill level 5 in Unarmed Combat
   637 | D:5      | Reached XP level 6. HP: 60/61 MP: 5/5
   671 | D:5      | Reached skill level 6 in Unarmed Combat
   981 | D:7      | Reached skill level 7 in Unarmed Combat
  1006 | D:7      | Noticed a hippogriff
  1018 | D:7      | Killed a hippogriff
  1018 | D:7      | Reached XP level 7. HP: 42/67 MP: 6/6
  1053 | D:7      | Found a staircase to the Ecumenical Temple.
  1058 | Temple   | Entered the Ecumenical Temple
  1097 | Temple   | Became a worshipper of the Wu Jian Council
  1136 | D:6      | Noticed Sigmund
  1149 | D:5      | Reached skill level 8 in Unarmed Combat
  1247 | D:5      | Noticed Blork the orc
  1256 | D:5      | Killed Blork the orc
  1401 | D:2      | Reached * piety under Wu Jian
  1689 | D:3      | Reached skill level 9 in Unarmed Combat
  1702 | D:3      | Found a snail-covered altar of Cheibriados.
  1849 | D:4      | Got a crude robe
  1908 | D:4      | Reached XP level 8. HP: 34/75 MP: 7/7
  1928 | D:4      | Identified the +2 robe "Amappota" {+Inv rF+ Dex+2} (You found it on level 4 of the Dungeon)
  2059 | D:4      | Found a glowing golden altar of the Shining One.
  2059 | D:4      | Found a glowing silver altar of Zin.
  2059 | D:4      | Found a white marble altar of Elyvilon.
  2228 | D:6      | Killed Sigmund
  2228 | D:6      | Reached skill level 10 in Unarmed Combat
  2235 | D:6      | Reached ** piety under Wu Jian
  2238 | D:6      | Gained mutation: Your flesh is heat resistant. (rF+) [mutagenic meat]
  2383 | D:5      | Got a jewelled mace
  2422 | D:7      | Reached skill level 11 in Unarmed Combat
  2659 | D:8      | Found a stormy altar of Qazlal.
  2696 | D:8      | Reached XP level 9. HP: 83/83 MP: 8/8
  2717 | D:7      | Noticed Duvessa
  2717 | D:7      | Noticed Dowan
  2725 | D:7      | Killed Duvessa
  2738 | D:7      | Killed Dowan
  2813 | D:7      | Noticed a two-headed ogre
  2823 | D:7      | Killed a two-headed ogre
  2823 | D:7      | Reached skill level 12 in Unarmed Combat
  2860 | D:8      | Reached *** piety under Wu Jian
  3320 | D:9      | Reached skill level 5 in Dodging
  3320 | D:9      | Reached XP level 10. HP: 92/94 MP: 9/9
  3336 | D:9      | Found a staircase to the Lair.
  3350 | D:9      | Reached skill level 5 in Fighting
  3379 | D:9      | Noticed a two-headed ogre
  3388 | D:9      | Killed a two-headed ogre
  3397 | D:9      | Noticed Joseph
  3409 | D:9      | Killed Joseph
  3409 | D:9      | Reached skill level 13 in Unarmed Combat
  3509 | D:10     | Entered Level 10 of the Dungeon
  3639 | D:10     | Noticed grindst0ne's ghost (journeyman MfTm)
  3673 | D:10     | Killed grindst0ne's ghost
  3839 | D:10     | Reached **** piety under Wu Jian
  3974 | D:11     | Found a flickering gateway to a bazaar.
  4054 | D:11     | Noticed a gargoyle
  4062 | D:11     | Killed a gargoyle
  4103 | Bazaar   | Entered a bazaar
  4103 | Bazaar   | Found Hin Wiwifa's Antique Armour Emporium.
  4115 | Bazaar   | Found Couc's Book Emporium.
  4128 | Bazaar   | Found Zej Fuah's Armour Emporium.
  4157 | Bazaar   | Bought a fine robe for 102 gold pieces
  4167 | Bazaar   | Identified the +2 robe of Precision Catastrophes {+Inv rF+ Int-3} (You bought it in a shop in a bazaar)
  4245 | D:12     | Found Uzucehy's Assorted Antiques.
  4250 | D:12     | Bought a fizzy blue potion for 20 gold pieces
  4276 | D:12     | Killed an unseen horror
  4276 | D:12     | Reached XP level 11. HP: 42/104 MP: 10/10
  4526 | D:13     | Noticed a two-headed ogre
  4550 | D:13     | Reached skill level 14 in Unarmed Combat
  4553 | D:13     | Killed a two-headed ogre
  4628 | D:13     | Noticed Urug
  4645 | D:13     | Killed Urug
  4682 | D:12     | Noticed a deep elf mage
  4685 | D:12     | Noticed a death knight
  4686 | D:13     | Killed a deep elf mage
  4828 | D:12     | Found a shattered altar of Ashenzari.
  4996 | D:13     | Noticed a two-headed ogre
  5012 | D:13     | Killed a two-headed ogre
  5012 | D:13     | Reached skill level 15 in Unarmed Combat
  5134 | D:14     | Noticed a centaur warrior
  5143 | D:14     | Killed a centaur warrior
  5145 | D:14     | Reached ***** piety under Wu Jian
  5270 | D:15     | Entered Level 15 of the Dungeon
  5302 | D:15     | Noticed a centaur warrior
  5305 | D:15     | Killed a centaur warrior
  5305 | D:15     | Reached XP level 12. HP: 118/118 MP: 11/11
  5344 | D:15     | Noticed a death knight
  5349 | D:15     | Killed a death knight
  5353 | D:15     | HP: 3/118 [freezing wraith[a death knight] (11)]
  5442 | D:15     | Gained mutation: Your magical capacity is low. (-10% MP) [mutagenic meat]
  5443 | D:15     | Gained mutation: Your flesh is very heat resistant. (rF++) [mutagenic meat]
  5444 | D:15     | Lost mutation: Your magical capacity is low. (-10% MP) [mutagenic meat]
  5445 | D:15     | Gained mutation: You have a pair of small antennae on your head. [mutagenic meat]
  5446 | D:15     | Gained mutation: You passively map a small area around you. [mutagenic meat]
  5447 | D:15     | Gained mutation: You are partially covered in thin metallic scales. (AC +2) [mutagenic meat]
  5449 | D:15     | Gained mutation: Your body sometimes deteriorates upon taking damage. [mutagenic meat]
  5450 | D:15     | Gained mutation: You passively map the area around you. [mutagenic meat]
  5452 | D:15     | Lost mutation: You have a pair of small antennae on your head. [mutagenic meat]
  5453 | D:15     | Gained mutation: You often lose your temper in combat. [mutagenic meat]
  5550 | D:14     | Got a fine trident
  5604 | D:13     | Reached skill level 16 in Unarmed Combat
  5666 | D:12     | Killed a death knight
  6127 | D:11     | Found a deep blue altar of Sif Muna.
  6380 | D:12     | Found a staircase to the Orcish Mines.
  6527 | Orc:1    | Entered Level 1 of the Orcish Mines
  6564 | Orc:2    | Entered Level 2 of the Orcish Mines
  6586 | Orc:2    | Upgraded the game from 0.21-a0-95-g06f091e to 0.21-a0-104-g7b58145
  6591 | Orc:2    | Noticed an orc high priest
  6750 | Orc:2    | Noticed Armakuni's ghost (journeyman TrTm)
  6794 | Orc:2    | Killed an orc high priest
  6912 | Orc:1    | Paralysed by an orc sorcerer for 5 turns
  6917 | Orc:1    | Reached XP level 13. HP: 92/129 MP: 12/12
  7152 | Orc:2    | Killed Armakuni's ghost
  7227 | Orc:1    | Noticed 4thArraOfDagon's ghost (journeyman TrWn)
  7270 | Orc:2    | Found Sorog's Antique Weapon Emporium.
  7423 | Orc:2    | Found Yvos's Gadget Shoppe.
  7423 | Orc:2    | Found Sinaduus's Book Boutique.
  7461 | Orc:2    | HP: 5/130 [orc high priest/nerve-wracking pain (8)]
  7463 | Orc:2    | Slain by an orc high priest

Vault maps used:
D:1:      elethiomel_arrival_maze, roderic_bipointed_swastika
D:2:      minmay_misc_feat_hallway
D:3:      nicolae_overflow_crystal_walls, gammafunk_temple_overflow_pools,
          serial_glass, glass_columns_a, glass_columns_b, first_bread,
          serial_bayou_lake_a
D:4:      good_gods_mini_temple, minmay_cupped, uniq_crazy_yiuf_cottage
D:5:      xom_butterflies, uniq_prince_ribbit1, uniq_blork_the_orc
D:6:      uniq_sigmund
D:7:      lightli_temple_of_fire, temple_doors_e, minmay_misc_feat_five,
          uniq_duvessa
D:8:      kennysheep_mini_moat, hangedman_little_slice_of_home
D:9:      erik_lair_orcish_takeover, uniq_joseph
D:11:     serial_shops, bzr_entry_customers, lemuel_blue_sif_altar
D:12:     erik_orc_1, serial_shops, nicolae_shop_overgrown_old_shop,
          evilmike_ruin_ashenzari
D:13:     serial_shops, shop_coins, minmay_evil_grid, uniq_urug
D:14:     david_vaults_4, minmay_tree_intersection
D:15:     hangedman_depths_entry_try_elsewhere_first
Temple:   dshaligram_water_room_temple
Orc:2:    st_orc_town, serial_shops, shop
Bazaar:   bazaar_jpeg_triangles

Skill      XL: |  1  2  3  4  5  6  7  8  9 10 11 12 13 |
---------------+----------------------------------------+-----
Unarmed Combat | 1 3 4 5 7 9 11 12 13 15 16 | 16.9
Fighting       | 4 6 7 8 9 |  9.1
Dodging        | 5 6 7 8 9 |  9.1
Stealth        | |  1.0
Shields        | |  1.0

Action                   |  1- 3 |  4- 6 |  7- 9 | 10-12 | 13-15 || total
-------------------------+-------+-------+-------+-------+-------++-------
Melee: Unarmed           |    48 |   106 |   330 |   564 |    93 ||  1141
       Punch             |       |     3 |    18 |    36 |     6 ||    63
Throw: Throwing net      |       |       |       |     2 |       ||     2
Invok: Heavenly Storm    |       |       |       |     1 |     1 ||     2
Evoke: Wand              |       |       |     3 |    14 |       ||    17
  Use: Potion            |       |     1 |       |     2 |       ||     3
       Scroll            |       |     5 |     6 |     9 |       ||    20
 Stab: Sleeping          |       |       |     1 |     2 |       ||     3
       Paralysed         |       |       |     3 |     2 |       ||     5
       Held in net/web   |       |       |       |     1 |       ||     1
  Eat: Chunk             |     7 |     3 |    21 |    48 |     6 ||    85
       Fruit             |       |     3 |       |       |       ||     3
Armor: Robe              |    14 |    51 |   126 |   147 |    10 ||   348
       Skin              |       |       |       |     4 |       ||     4
Dodge: Dodged            |    33 |    53 |   175 |   231 |    19 ||   511
